Map: Tours du crépuscule

Players

Worming - Winner!

  • Race: Zerg Zerg
  • League: Diamond

imbAllard

  • Race: Zerg Zerg
  • League: Diamond

VOD

Have the link to the VOD?

Description

Time

  • Played on: Nov. 28, 2015, 6:54 a.m.
  • Length: 17:35
Show
View Real Time Build Order
Export as new Build Order

Worming Zerg - Winner!

Build Orders: Hatch First, Lurkers 

Get SALT Encoding   

  12  0:01  Drone  
  13  0:12  Drone  
  14  0:21  Extractor  
  14  0:22  Drone  
  14  0:23  Drone, Extractor  
  16  0:44  Hatchery  
  15  0:56  Extractor  
  14  0:58  Spawning Pool  
  14  1:03  Drone  
  14  1:09  Overlord  
  14  1:22  Overlord  
  14  1:28  Drone x2, Extractor  
  16  1:37  Drone  
  17  1:45  Queen  
  19  1:49  Zergling x2  
  20  1:59  Metabolic Boost  
  20  2:03  Drone  
  20  2:05  Drone  
  22  2:19  Drone x3  
  22  2:21  Drone  
  26  2:27  Queen  
  28  2:30  Drone  
  29  2:37  Overlord  
  29  2:39  Drone  
  29  2:42  Drone  
  30  2:59  Baneling Nest  
  30  3:01  Drone x6  
  35  3:15  Zergling x4  
  37  3:22  Zergling x4  
  39  3:40  Drone x4  
  42  3:48  Drone  
  43  3:53  Extractor  
  42  3:56  Drone, Extractor  
  42  3:57  Evolution Chamber  
  42  3:58  Drone x2  
  42  3:59  Overlord  
  43  4:15  Zergling x2  
  43  4:17  Overlord  
  44  4:20  Zergling x4  
  44  4:22  Zerg Missile Weapons Level 1  
  46  4:26  Zergling x4  
  48  4:35  Baneling x2  
  48  4:40  Baneling  
  48  4:41  Baneling  
  48  4:54  Lair, Drone x2  
  48  4:55  Drone x5, Roach Warren  
  54  5:04  Queen  
  56  5:07  Overlord  
  56  5:23  Hatchery  
  55  5:30  Baneling x7  
  55  5:31  Zergling x12  
  60  5:38  Drone x3, Extractor  
  60  5:39  Overlord  
  60  5:40  Zergling x6  
  65  5:56  Glial Reconstitution  
  64  5:58  Drone x3  
  67  6:10  Drone x7  
  74  6:16  Hatchery  
  73  6:20  Roach  
  73  6:21  Zergling x2  
  76  6:29  Overlord x2  
  70  6:57  Drone x8  
  70  7:00  Zerg Missile Weapons Level 2  
  77  7:06  Roach x5  
  87  7:18  Roach x5  
  87  7:21  Overlord  
  97  7:23  Overseer  
  97  7:25  Baneling  
  97  7:26  Baneling x6  
  97  7:28  Roach, Hatchery  
  97  7:29  Overlord x2  
  98  7:34  Extractor  
  97  7:38  Hydralisk Den  
  94  7:53  Overlord x3  
  94  7:54  Roach  
  94  7:55  Roach x5  
  106  8:05  Extractor  
  105  8:06  Drone x3  
  105  8:08  Overlord x2  
  108  8:12  Queen  
  108  8:13  Queen  
  108  8:14  Overlord x2, Hydralisk  
  108  8:15  Hydralisk x6  
  108  8:16  Lurker Den  
  108  8:19  Overseer  
  126  8:22  Pneumatized Carapace  
  126  8:28  Drone x3  
  126  8:33  Drone x4  
  133  8:42  Ravager x7, Hydralisk  
  133  8:44  Zergling x2  
  133  8:45  Zergling x6  
  133  8:46  Hydralisk  
  133  8:48  Zergling x4  
  150  8:55  Hydralisk  
  150  8:56  Hydralisk x2  
  150  8:57  Zergling x4  
  157  9:15  Hydralisk  
  157  9:16  Zergling x4, Roach  
  157  9:17  Zergling x16  
  165  9:24  Overlord x2  
  165  9:25  Roach  
  167  9:35  Overlord x3  
  162  9:57  Lurker  
  162  9:58  Lurker x8  
  162  9:59  Zergling x2  
  173  10:00  Zergling x24  
  173  10:04  Drone x6  
  187  10:12  Roach x6  
  199  10:20  Hatchery  
  198  10:27  Spire  
  197  10:29  Infestation Pit, Zergling x2  
  197  10:30  Zergling x4  
  199  10:37  Extractor  
  199  10:38  Extractor  
  199  10:40  Spine Crawler  
  199  10:41  Spine Crawler  
  195  10:43  Spine Crawler  
  188  11:04  Muscular Augments  
  184  11:05  Hive  
  184  11:07  Zerg Ground Armor Level 1  
  184  11:09  Drone x2  
  184  11:10  Drone x4  
  190  11:11  Drone x10  
  172  11:52  Mutalisk x6  
  172  11:53  Mutalisk x2  
  182  12:15  Roach x16  
  142  12:31  Roach x11  
  152  12:46  Roach x10  
  172  12:54  Hydralisk  
  172  12:55  Hydralisk x4  
  182  13:01  Zerg Missile Weapons Level 3  
  182  13:02  Ultralisk Cavern  
  182  13:03  Evolution Chamber  
  182  13:04  Ravager  
  181  13:06  Ravager x2  
  181  13:07  Ravager  
  181  13:08  Zergling x10  
  187  13:18  Greater Spire  
  180  13:33  Ravager  
  180  13:34  Ravager, Extractor  
  173  13:39  Extractor  
  172  13:48  Chitinous Plating  
  172  13:50  Zergling x2  
  172  13:51  Zergling x44  
  175  14:10  Drone  
  175  14:11  Drone x4  
  175  14:12  Drone  
  154  14:32  Hydralisk x3  
  154  14:33  Roach x5, Hydralisk x4  
  154  14:34  Roach x2  
  180  14:39  Lurker x5  
  167  15:11  Hatchery  
  144  15:25  Lurker x2, Extractor  
  144  15:28  Ultralisk x6  
  181  15:30  Overlord x3  
  181  15:32  Zerg Melee Weapons Level 1  
  181  15:49  Drone x3  
  184  15:51  Zergling x26, Roach  
  199  15:58  Extractor  
  199  16:02  Extractor  
  173  16:29  Roach, Hydralisk  
  173  16:30  Zergling x2, Roach x9, Hydralisk x7  
  199  16:40  Overseer x2  
  199  16:52  Drone  
  199  16:59  Corruptor  
  199  17:00  Zergling x2  
  200  17:14  Overlord  
  200  17:18  Spine Crawler  
Show
View Real Time Build Order
Export as new Build Order

imbAllard Zerg 

Build Orders: Hatch First 

Get SALT Encoding   

  12  0:01  Drone  
  13  0:09  Drone  
  14  0:18  Overlord  
  14  0:26  Extractor  
  14  0:27  Drone, Extractor  
  13  0:29  Drone  
  16  0:37  Drone  
  17  0:55  Hatchery  
  16  0:59  Drone  
  16  1:02  Extractor  
  16  1:03  Drone  
  17  1:17  Spawning Pool  
  16  1:20  Drone  
  16  1:24  Drone  
  18  1:27  Drone  
  19  1:41  Overlord  
  19  1:49  Drone  
  20  2:04  Queen, Metabolic Boost  
  20  2:06  Zergling x2  
  23  2:10  Queen  
  23  2:14  Zergling x2  
  26  2:16  Drone  
  26  2:19  Drone  
  28  2:29  Baneling Nest  
  27  2:34  Spine Crawler  
  27  2:35  Zergling x2  
  27  2:39  Drone  
  28  2:53  Drone x3  
  28  2:54  Overlord  
  31  2:58  Drone  
  32  3:08  Overlord  
  32  3:11  Drone  
  33  3:13  Baneling x2  
  33  3:17  Drone x3  
  36  3:38  Drone x2  
  36  3:39  Zergling x8  
  41  3:51  Zergling x8  
  41  3:52  Zergling x2  
  45  3:59  Baneling x2  
  45  4:16  Drone  
  45  4:17  Drone x4  
  46  4:19  Extractor x2  
  46  4:20  Roach Warren  
  46  4:22  Evolution Chamber  
  45  4:24  Hatchery  
  45  4:27  Drone x4  
  44  4:47  Zergling x2  
  44  4:48  Zergling x10  
  44  4:52  Zerg Missile Weapons Level 1  
  46  4:58  Lair  
  46  5:00  Roach x2  
  46  5:02  Overlord  
  50  5:12  Overlord  
  50  5:20  Roach  
  50  5:21  Roach x3  
  58  5:36  Queen  
  58  5:37  Drone x7  
  58  5:38  Drone  
  68  5:50  Roach x2  
  70  5:57  Glial Reconstitution  
  70  6:00  Roach  
  70  6:01  Overlord x2  
  72  6:09  Extractor  
  72  6:10  Drone x2  
  73  6:11  Hydralisk Den  
  73  6:18  Roach x2  
  72  6:28  Roach x3  
  72  6:29  Roach x4  
  85  6:56  Roach x3  
  85  7:00  Zerg Missile Weapons Level 2  
  79  7:04  Muscular Augments  
  79  7:05  Drone x3  
  79  7:06  Drone x2  
  84  7:10  Drone x6  
  88  7:16  Ravager  
  88  7:17  Ravager  
  88  7:18  Overlord x2  
  88  7:21  Extractor  
  88  7:22  Extractor  
  86  7:31  Roach x2  
  90  7:47  Hydralisk x4  
  90  7:48  Hydralisk x4  
  106  7:57  Overlord x2  
  106  8:04  Overlord x2  
  106  8:17  Hydralisk x2  
  106  8:19  Roach  
  112  8:20  Roach x5  
  122  8:30  Drone x4  
  122  8:31  Drone x2  
  128  8:40  Roach  
  130  8:50  Extractor  
  130  8:56  Hatchery  
  129  9:08  Overlord x2  
  125  9:20  Zerg Ground Armor Level 1  
  125  9:22  Roach x2  
  125  9:23  Overlord x3  
  129  9:27  Hydralisk  
  129  9:28  Hydralisk x7  
  145  9:32  Overlord x2  
  141  9:53  Roach x8  
  141  9:54  Roach x3  
  141  9:57  Ravager x8  
  171  10:03  Overlord  
  171  10:21  Overseer  
  171  10:23  Overseer  
  171  10:25  Lurker Den  
  171  10:31  Queen  
  171  10:32  Drone x11  
  184  10:51  Roach x4  
  182  11:03  Extractor  
  181  11:05  Extractor  
  182  11:11  Roach x6  
  182  11:13  Overlord x2  
  182  11:18  Zerg Ground Armor Level 2  
  192  11:22  Infestation Pit  
  191  11:30  Spore Crawler  
  191  11:31  Spine Crawler  
  189  11:37  Roach  
  189  11:38  Roach x8  
  187  11:49  Roach x7  
  195  12:14  Roach  
  195  12:15  Roach x12  
  152  12:25  Hydralisk  
  152  12:26  Hydralisk x5  
  160  12:31  Hydralisk x4  
  160  12:32  Hydralisk x2  
  172  12:43  Hydralisk x2  
  151  12:44  Hydralisk x2  
  144  12:54  Hive  
  144  12:59  Ravager x2  
  144  13:00  Ravager x11  
  157  13:14  Roach x7  
  169  13:32  Roach  
  169  13:33  Roach x6  
  175  13:50  Roach x5  
  175  13:51  Roach x2  
  171  14:04  Roach x5  
  171  14:06  Roach  
  177  14:36  Hydralisk x4  
  177  14:37  Hydralisk x7  
  195  14:56  Hydralisk x5  
  195  14:57  Hydralisk  
  165  15:18  Roach x6  
  165  15:19  Roach x4  
  162  15:34  Overseer  
  162  15:35  Pneumatized Carapace  
  162  15:37  Overseer  
  162  15:40  Lurker  
  162  15:41  Lurker  
  162  15:42  Lurker, Hatchery  
  164  15:44  Lurker  
  163  16:15  Roach  
  163  16:16  Roach x11  
  138  16:33  Roach x7  
  148  16:42  Lurker x2  
  148  16:43  Lurker x4  
  148  16:45  Lurker  
  155  17:00  Roach x6  
  159  17:10  Drone  
Tags
 
Add a new tag
Caveats
  • Supply blocks, unpowered buildings, or Contaminate may cause inaccurate times.
  • Supply counts are checked every 10 seconds.